 Dungeon Crawl Stone Soup version 0.20.0-14-g326068f (webtiles) character file.

523669 JeffiDaFish the Hoplite (level 25, -4/147 HPs)
             Began as a Gargoyle Fighter on June 8, 2017.
             Was the Champion of Okawaru.
             Killed from afar by a starcursed mass (7 damage)
             ... with an accursed screaming
             ... on level 4 of the Abyss.
             The game lasted 03:54:06 (51506 turns).

JeffiDaFish the Hoplite (Gargoyle Fighter)         Turns: 51506, Time: 03:54:06

Health: -4/147     AC: 60    Str: 24    XL:     25   Next: 38%
Magic:  22/22      EV: 20    Int: 17    God:    Okawaru [******]
Gold:   3193       SH: 35    Dex: 26    Spells: 24/24 levels left

rFire    . . .     SeeInvis +   l - +11 morningstar of Victory {crush, *Noise rElec rC+ Stlth+}
rCold    + + +     Gourm    .   T - +4 large shield
rNeg     + . .     Faith    .   N - +9 ice dragon scales "Puwkerid" {rF- rC++ MP-9 Int+2 Dex+3}
rPois    ∞         Spirit   .   y - +2 helmet {SInv}
rElec    +         Reflect  +   E - +2 cloak {MR+}
rCorr    .         Harm     .   b - +0 pair of gloves "Cenlaar" {rF+ Int+4}
MR       ++...                  D - +2 pair of boots {Stlth+}
Stlth    +++.......             q - amulet of Usoxaraph {Reflect Dex+6 SH+4}
Regen    0.4/turn               G - +4 ring of protection
MPRegen  0.2/turn               H - +4 ring of strength

@: flying, studying Short Blades
A: big wings, thin metallic scales 1, deformed body, frail 1, negative energy
resistance 1, shaggy fur 1, electricity resistance, weak 1, unbreathing,
petrification resistance, no potion heal 1, rot immunity, AC +19
}: 3/15 runes: serpentine, barnacled, silver
a: Stop Flying, Heroism, Finesse, Renounce Religion


You were on level 4 of the Abyss.
You worshipped Okawaru.
Okawaru was exalted by your worship.
You were not hungry.

You visited 9 branches of the dungeon, and saw 41 of its levels.
You visited the Abyss 1 time.
You also visited: Labyrinth, Sewer, Ossuary, Ice Cave and Desolation.

You collected 6091 gold pieces.
You spent 2898 gold pieces at shops.

Inventory:

Hand Weapons
 l - the +11 morningstar of Victory (weapon) {crush, *Noise rElec rC+ Stlth+}
   (You acquired it on level 12 of the Dungeon)

   It inflicts extra damage upon your enemies.
   It protects you from cold.
   It insulates you from electricity.
   It may make noises in combat.
   It makes you more stealthy.
 P - the +7 whip "Vorean" {freeze, MR+ Str+3 Dex+4}
   (You found it in a labyrinth)

   It has been specially enchanted to freeze those struck by it, causing extra
   injury to most foes and up to half again as much damage against particularly
   susceptible opponents.
   It can also slow down cold-blooded creatures.
   It affects your strength (+3).
   It affects your dexterity (+4).
   It affects your resistance to hostile enchantments.
Armour
 b - the +0 pair of gloves "Cenlaar" (worn) {rF+ Int+4}
   (You found it on level 5 of the Vaults)

   It affects your intelligence (+4).
   It protects you from fire.
 g - the +0 pair of gloves of Restlessness {rElec rPois Int+2 Dex+4}
   (You found it in an ice cave)

   It affects your intelligence (+2).
   It affects your dexterity (+4).
   It insulates you from electricity.
   It protects you from poison.
 y - a +2 helmet of see invisible (worn)
 D - a +2 pair of boots of stealth (worn)
 E - a +2 cloak of magic resistance (worn)
 N - the +9 ice dragon scales "Puwkerid" (worn) {rF- rC++ MP-9 Int+2 Dex+3}
   (You bought it in a shop on level 15 of the Dungeon)

   It affects your intelligence (+2).
   It affects your dexterity (+3).
   It makes you vulnerable to fire.
   It greatly protects you from cold.
   It affects your magic capacity (-9).
 T - a +4 large shield (worn)
Jewellery
 q - the amulet of Usoxaraph (around neck) {Reflect Dex+6 SH+4}
   (You found it in an ossuary)

   [amulet of reflection]

   It shields you and reflects attacks.
   It affects your dexterity (+6).
   It affects your SH (+4).
 B - a +4 amulet of reflection
 G - a +4 ring of protection (left hand)
 H - a +4 ring of strength (right hand)
 L - the ring "Bycvaips" {+Fly Slay+3, unknown}
   (You found it on level 3 of the Elven Halls)

   [ring of flight]

   It affects your accuracy and damage with ranged weapons and melee attacks
   (+3).
   It lets you fly.
 M - the necklace of Bloodlust {*Rage +Rage MR++ Int-3 Slay+6 *Curse}
   (You found it on level 13 of the Dungeon)

   [amulet of rage]

   It affects your intelligence (-3).
   It affects your accuracy and damage with ranged weapons and melee attacks
   (+6).
   It affects your resistance to hostile enchantments.
   It lets you go berserk.
   It may make you go berserk in combat.
   It curses itself when equipped.
Wands
 F - a wand of clouds (0/9)
Scrolls
 e - 2 scrolls of identify
 j - 17 scrolls of teleportation
 m - 16 scrolls of remove curse
 t - 5 scrolls of recharging
 u - 4 scrolls of amnesia
 v - 8 scrolls of fog
 z - 7 scrolls of enchant weapon
 A - 8 scrolls of magic mapping
 C - 3 scrolls of holy word
 I - a scroll of silence
 K - 5 scrolls of fear
 R - a scroll of acquirement
 S - a scroll of summoning
Potions
 a - 3 potions of cancellation
 c - a potion of magic
 d - 11 potions of might
 i - 2 potions of berserk rage
 n - 2 potions of heal wounds
 o - a potion of invisibility
 s - 3 potions of haste
 w - 6 potions of agility
 x - 12 potions of curing
 Q - a potion of ambrosia
 U - a potion of brilliance
Books
 p - a book of the Earth

   Spells                             Type                      Level
   a - Leda's Liquefaction            Hexes/Earth                  4
   b - Bolt of Magma                  Conjuration/Fire/Earth       5
   c - Statue Form                    Transmutation/Earth          6
   d - Iron Shot                      Conjuration/Earth            6
   e - Shatter                        Earth                        9
 J - a manual of Short Blades
Comestibles
 f - 19 bread rations
 h - 10 royal jellies
 k - 13 meat rations
 r - 25 fruits


   Skills:
 * Level 18.9 Fighting
 * Level 20.4 Maces & Flails
 * Level 18.1 Armour
 + Level 10.5 Dodging
 - Level 4.8 Stealth
 * Level 25.9 Shields
 + Level 11.6 Invocations


You had 24 spell levels left.
You didn't know any spells.

Dungeon Overview and Level Annotations

Branches:
Dungeon (15/15)            Temple (1/1) D:7            Lair (6/6) D:9
 Shoals (4/4) Lair:2        Snake (4/4) Lair:3        Slime (0/5) Lair:6
    Orc (2/2) D:9             Elf (3/3) Orc:2        Vaults (5/5) D:14
  Crypt (0/3) Vaults:3     Depths (1/5) D:15

Altars:
Cheibriados
Dithmenos
Elyvilon
Gozag
Hepliaklqana
Nemelex Xobeh
Okawaru
Qazlal
Ru
Sif Muna
Trog
Uskayaw
Vehumet
Xom
Zin
Beogh

Shops:
D:5 =   D:7 :   D:9 }   D:15 [?   Orc:2 [*}?   Elf:1 ?   Elf:2 *   Elf:3 [
Vaults:3 *

Portals:
Pandemonium: Orc:2
Trove: Elf:3 (give +3 shadow dragon scales)


Innate Abilities, Weirdness & Mutations

You are resistant to torment.
Your stone body is resilient. (AC +19)
You are immune to poison.
Your large and strong wings let you fly indefinitely.
You resist negative energy. (rN+)
You are resistant to electric shocks. (rElec)
You can survive without breathing.
You are immune to petrification.
You are immune to rotting.
You are partially covered in thin metallic scales. (AC +2)
Armour fits poorly on your strangely shaped body.
You are frail. (-10% HP)
You are covered in fur. (AC +1)
You are weak. (Str -2)
Potions are less effective at restoring your health.


Message History

You block the hell hog's attack. You block the raiju's attack.
You impale the hell hog!!
You kill the hell hog!
Okawaru accepts your kill. You block the raiju's attack.
The smoke demon gestures at you. Something smites you!
* * * LOW HITPOINT WARNING * * *
You block the starcursed mass's attack.
You hit the starcursed mass.
The starcursed mass is heavily damaged.
The starcursed mass shudders and is absorbed by its neighbour.
A chorus of shrieks assaults your mind.
* * * LOW HITPOINT WARNING * * *
You block the raiju's attack. You block the starcursed mass's attack.
The raiju bursts into living lightning!
The living lightning misses you. x2; The raiju blinks!
A chorus of shrieks assaults your mind.
You die...

.. ### . #.
#..# . .#
#... .. #.
...###.
#.#......#
###.#.#.##...
##..X§#h..3#
#..XX..##..>.
# #..#.#h@##.
. . . .. #.##
. #. # #...
..§. . ..
##..# .#. . X
#. . . . .
#...#. ..#.#§
.. .# .# .


You could see 3 starcursed masses and 2 raiju.

Vanquished Creatures
  An ancient lich (Vaults:5)
  Bai Suzhen (Vaults:3)
  Vashnia (Snake:3)
  Jory (Vaults:3)
  3 golden dragons (Vaults:5)
  A profane servitor (Abyss:4)
  Jorgrun (Snake:2)
  3 tentacled monstrosities (Vaults:5)
  3 liches
  Asterion (Vaults:3)
  4 titans
  4 deep elf blademasters
  2 krakens (Shoals:3)
  3 tentacled starspawn
  4 sphinxes
  4 storm dragons (Vaults:5)
  A shadow dragon (Vaults:5)
  Agnes (Elf:2)
  3 tengu reavers
  A revenant (Abyss:3)
  Ilsuiw (Shoals:4)
  10 nagarajas
  Roxanne (Elf:2)
  4 frost giants
  8 large abominations
  11 vault wardens
  3 iron dragons (Vaults:5)
  3 fire giants
  5 deep elf sorcerers
  A cacodemon (Abyss:3)
  A curse skull (Vaults:3)
  Louise (Elf:2)
  A ghoul (Vaults:3)
  2 imperial myrmidons (Desolation)
  An orc warlord (Vaults:4)
  20 ironheart preservers
  4 deep elf elementalists
  2 war gargoyles (Vaults:5)
  11 stone giants
  8 deep elf demonologists
  2 halazid warlocks (Desolation)
  7 deep elf annihilators
  A dire elephant (Abyss:4)
  10 deep elf death magi
  A blizzard demon (IceCv)
  Snorg (D:13)
  4 fire dragons
  6 ettins
  A minotaur (Lab)
  7 merfolk javelineers
  4 deep elf high priests
  6 yaktaur captains
  3 crystal guardians
  12 merfolk impalers
  2 rakshasas
  4 ragged hierophants (Desolation)
  5 great orbs of eyes
  An ice dragon (Vaults:1)
  8 small abominations
  4 servants of whispers (Desolation)
  31 vault guards
  2 catoblepae
  4 peacekeepers
  9 hydras
  19 naga warriors
  14 ogre magi
  5 merfolk aquamancers
  30 two-headed ogres
  3 centaur warriors
  27 dancing weapons
  3 merfolk avatars (Shoals:1)
  21 anacondas
  4 death knights
  A tengu warrior (D:15)
  A satyr (Shoals:4)
  3 deep troll earth magi
  8 death yaks
  2 vampire magi
  13 thrashing horrors
  16 naga sharpshooters
  16 shock serpents
  3 orc high priests (Orc:2)
  Sonja (Lair:4)
  2 hell hogs (Abyss:4)
  3 wretched stars
  2 soul eaters
  7 hell knights
  18 deep elf knights
  2 shadow wraiths
  3 skeletal warriors
  2 spatial maelstroms (Abyss:3)
  9 salamander mystics (Snake:4)
  8 deep trolls
  A quicksilver dragon simulacrum (Abyss:3)
  4 unseen horrors
  A kraken simulacrum (Shoals:4)
  4 glowing orange brains
  17 sea snakes
  3 torturous demonspawn (Orc:2)
  18 deep elf archers
  16 ironbrand convokers
  9 naga ritualists
  4 necromancers
  5 wizards
  4 lindwurms (Snake:4)
  13 orc knights
  4 phantasmal warriors
  A frost giant zombie (D:15)
  A tengu skeleton (Vaults:5)
  16 harpies
  A tengu zombie (Vaults:4)
  11 mana vipers
  34 ugly things
  9 orc sorcerers
  61 deep elf magi
  10 salamanders
  6 fauns (Shoals:1)
  13 manticores
  A moth of wrath (shapeshifter) (Vaults:5)
  An oklob plant (Lair:4)
  A stone giant zombie (D:15)
  A wolf spider (Vaults:3)
  8 cyclopes
  11 elephants
  23 naga magi
  7 merfolk sirens
  2 water nymphs
  14 guardian serpents
  5 smoke demons
  2 apocalypse crabs
  6 worldbinders
  A rust devil (Orc:2)
  20 vault sentinels
  38 black mambas
  2 ice statues (IceCv)
  A stone giant skeleton (Vaults:5)
  A titan simulacrum (Vaults:4)
  An orange demon (Abyss:3)
  2 gargoyles
  A yaktaur zombie (D:15)
  25 spiny frogs
  8 freezing wraiths
  7 komodo dragons
  2 rime drakes (shapeshifter) (Vaults:4)
  A komodo dragon (shapeshifter) (Vaults:4)
  A redback zombie (D:14)
  28 yaktaurs
  A hellwing (Orc:2)
  15 ice devils
  2 ancient zymes
  4 wind drakes
  2 tengu conjurers
  33 merfolk
  A meliai (shapeshifter) (Elf:1)
  5 trolls
  A troll (shapeshifter) (Vaults:4)
  5 hornets
  A queen bee (Lair:2)
  A polar bear (Lair:3)
  40 saltlings
  8 slime creatures
  3 tyrant leeches (Lair:6)
  6 snapping turtles
  7 raiju
  23 blink frogs
  9 hippogriffs
  An ettin zombie (D:15)
  A human simulacrum (Vaults:5)
  6 dream sheep (Shoals:4)
  A tarantella (shapeshifter) (Vaults:4)
  A flying skull (Vaults:3)
  An ettin skeleton (Vaults:4)
  A shadow (Lab)
  27 water elementals
  An air elemental (Elf:3)
  5 starcursed masses (Abyss:3)
  3 ynoxinuls
  A spriggan (D:7)
  5 wyverns
  4 fire bats
  A spriggan (shapeshifter) (D:12)
  35 yaks
  6 basilisks
  6 wraiths
  4 fire elementals (Elf:1)
  5 neqoxecs
  4 hungry ghosts
  14 vampire mosquitoes
  A chaos spawn (Abyss:4)
  A steam dragon (D:9)
  57 nagas
  A spatial vortex (Abyss:3)
  4 acid dragons
  2 soldier ants (shapeshifter)
  19 water moccasins
  A deep troll skeleton (Vaults:5)
  9 porcupines
  An ice beast (D:12)
  5 black bears
  5 sky beasts
  3 phantoms
  37 orc warriors
  54 ogres
  2 necrophages
  A tengu (shapeshifter) (Vaults:3)
  14 wolves
  5 centaurs (D:12)
  17 crocodiles
  3 big kobolds
  2 earth elementals
  A gnoll sergeant (Orc:2)
  26 bullfrogs
  4 water moccasin zombies (Ossuary)
  3 scorpions
  54 killer bees
  4 wights (D:12)
  3 electric eels
  7 howler monkeys
  A lava snake (Elf:2)
  4 crimson imps
  A quasit (D:9)
  A bullfrog skeleton (D:7)
  A bullfrog zombie (D:7)
  3 iron imps (Abyss:3)
  5 hounds
  8 jellies
  27 orc priests
  29 orc wizards
  9 centaur skeletons
  3 iguanas
  Ijyb (D:3)
  2 hell rats (Lair:2)
  7 worker ants
  3 big kobold zombies (Ossuary)
  A hound skeleton (D:6)
  3 mummies
  2 worker ant zombies (D:9)
  A howler monkey zombie (D:9)
  19 adders
  4 gnolls (D:4)
  3 shadow imps
  8 white imps (IceCv)
  6 ufetubi
  An ooze (D:1)
  3 adder skeletons
  6 adder zombies (Ossuary)
  3 worms (D:2)
  A dart slug (D:2)
  7 leopard geckos
  82 orcs
  4 giant cockroaches
  4 goblins
  2 hobgoblins
  9 jackals
  5 quokkas
  10 ball pythons
  10 bats
  11 frilled lizards
  A goblin zombie (D:5)
  5 hobgoblin zombies (Ossuary)
  A jackal zombie (D:8)
  22 kobolds
  7 kobold zombies (Ossuary)
  A leopard gecko skeleton (D:4)
  4 orc zombies (Ossuary)
  A quokka skeleton (D:6)
  8 rats
  4 crawling corpses
  5 plants
  3 starspawn tentacles
  9 tentacles
2036 creatures vanquished.

Vanquished Creatures (collateral kills)
  3 plants (Lair:6)
3 creatures vanquished.

Vanquished Creatures (others)
  Boris (Vaults:3)
  2 deep elf master archers (Elf:3)
  A deep elf high priest (Elf:3)
  A peacekeeper (Desolation)
  A yaktaur captain (Vaults:5)
  An ice dragon (Vaults:1)
  An orc high priest (Elf:1)
  4 naga sharpshooters
  A harpy (Shoals:1)
  3 deep elf archers
  2 cyclopes (D:12)
  A manticore (Shoals:1)
  4 deep elf magi
  A naga mage (Snake:4)
  3 yaktaurs
  A snapping turtle (Shoals:1)
  A water elemental (Abyss:4)
  A chaos spawn (Abyss:4)
  2 nagas (Snake:4)
  A centaur (D:11)
  An orc priest (Orc:2)
  2 orc wizards
  3 white imps (IceCv)
  An ufetubus (IceCv)
  An orc (Elf:1)
  6 kobolds
  A crawling corpse (Vaults:5)
  3 fungi (Lair:6)
  A lurking horror (Abyss:3)
  40 plants
  13 starspawn tentacles
  20 tentacles
125 creatures vanquished.

Grand Total: 2164 creatures vanquished

Notes
Turn   | Place    | Note
-------+----------+-------------------------------------------
     0 | D:1      | JeffiDaFish the Gargoyle Fighter began the quest for the Orb.
     0 | D:1      | Reached XP level 1. HP: 14/14 MP: 1/1
   522 | D:1      | Reached XP level 2. HP: 19/19 MP: 2/2
   854 | D:2      | Reached XP level 3. HP: 20/23 MP: 3/3
   948 | D:2      | Found a sparkling altar of Nemelex Xobeh.
   948 | D:2      | Found a snail-covered altar of Cheibriados.
  1280 | D:2      | Reached XP level 4. HP: 28/28 MP: 4/4
  1336 | D:2      | Reached skill level 4 in Shields
  1577 | D:3      | Gained mutation: You are partially covered in thin metallic scales. (AC +2) [potion of mutation]
  1577 | D:3      | Gained mutation: You are covered in fur. (AC +1) [potion of mutation]
  1990 | D:3      | Noticed Ijyb
  2023 | D:3      | Killed Ijyb
  2023 | D:3      | Reached XP level 5. HP: 30/33 MP: 5/5
  2115 | D:4      | Noticed an ogre
  2162 | D:4      | Killed an ogre
  2162 | D:4      | Reached XP level 6. HP: 38/38 MP: 6/6
  2306 | D:4      | Reached skill level 5 in Maces & Flails
  2479 | D:4      | Reached XP level 7. HP: 19/43 MP: 7/7
  2939 | D:4      | Reached skill level 5 in Shields
  2963 | D:4      | Reached skill level 5 in Armour
  3220 | D:4      | Found a stormy altar of Qazlal.
  3264 | D:5      | Entered Level 5 of the Dungeon
  3276 | D:5      | Reached skill level 1 in Dodging
  3291 | D:5      | Got a scintillating steel ring
  3299 | D:5      | Got a pair of heavily runed boots
  3305 | D:5      | Identified the cursed -5 pair of boots "Pyabomn" {rC+ rCorr Int+4} (You found it on level 5 of the Dungeon)
  3305 | D:5      | Identified the ring of the Voivode {rPois rC+} (You found it on level 5 of the Dungeon)
  3369 | D:5      | Reached XP level 8. HP: 48/48 MP: 8/8
  3385 | D:5      | Found a sand-covered staircase.
  3392 | Ossuary  | Entered an ossuary
  3532 | Ossuary  | Reached skill level 6 in Shields
  3629 | Ossuary  | Got a clouded jade amulet
  3630 | Ossuary  | Identified the amulet of Usoxaraph {Reflect Dex+6 SH+4} (You found it in an ossuary)
  3728 | D:5      | Found a glowing drain.
  3755 | Sewer    | Entered a sewer
  4504 | D:5      | Found a deep blue altar of Sif Muna.
  4529 | D:5      | Found Teeq's Jewellery Shop.
  4614 | D:5      | Found a radiant altar of Vehumet.
  4615 | D:5      | Found a glowing silver altar of Zin.
  5267 | D:6      | Reached skill level 5 in Fighting
  5404 | D:7      | Found Ruragra's Book Shop.
  5556 | D:7      | Reached XP level 9. HP: 54/54 MP: 9/9
  5589 | D:7      | Found a staircase to the Ecumenical Temple.
  5595 | Temple   | Entered the Ecumenical Temple
  5614 | Temple   | Became a worshipper of Warmaster Okawaru
  5639 | D:7      | Reached skill level 7 in Shields
  6013 | D:7      | Found a sparkling altar of Nemelex Xobeh.
  6253 | D:8      | Reached * piety under Okawaru
  6253 | D:8      | Reached skill level 8 in Shields
  6355 | D:8      | Reached skill level 1 in Stealth
  6369 | D:8      | Noticed a two-headed ogre
  6398 | D:8      | Killed a two-headed ogre
  6398 | D:8      | Reached skill level 9 in Shields
  6433 | D:8      | Reached XP level 10. HP: 36/60 MP: 10/10
  6441 | D:8      | Reached ** piety under Okawaru
  7422 | D:9      | Found a staircase to the Orcish Mines.
  7460 | D:9      | Reached skill level 10 in Shields
  7527 | D:9      | Reached *** piety under Okawaru
  7636 | D:9      | Found a white marble altar of Elyvilon.
  7875 | D:9      | Found Kumer's Quality Used Wands.
  7891 | D:9      | Found a staircase to the Lair.
  8074 | Lair:1   | Entered Level 1 of the Lair of Beasts
  8095 | Lair:1   | Noticed a spiny frog
  8100 | Lair:1   | Killed a spiny frog
  8100 | Lair:1   | Reached skill level 11 in Shields
  8122 | Lair:1   | Noticed a four-headed hydra
  8130 | Lair:1   | Reached **** piety under Okawaru
  8138 | Lair:1   | Killed a four-headed hydra
  8138 | Lair:1   | Reached XP level 11. HP: 27/66 MP: 11/11
  8597 | Lair:1   | Reached skill level 12 in Shields
  9186 | Lair:2   | Reached ***** piety under Okawaru
  9261 | Lair:2   | Found a staircase to the Shoals.
  9541 | Lair:2   | Noticed a five-headed hydra
  9551 | Lair:2   | Killed a five-headed hydra
  9551 | Lair:2   | Reached skill level 13 in Shields
  9696 | Lair:2   | Reached skill level 10 in Maces & Flails
  9769 | Lair:2   | Reached ****** piety under Okawaru
  9821 | Lair:2   | Received a gift from Okawaru
  9858 | Lair:2   | Reached XP level 12. HP: 63/73 MP: 12/12
  9999 | Lair:2   | Reached skill level 14 in Shields
 10182 | Lair:2   | Noticed a seven-headed hydra
 10182 | Lair:2   | Noticed a catoblepas
 10183 | Lair:2   | Noticed a five-headed hydra
 10194 | Lair:2   | Killed a catoblepas
 10203 | Lair:2   | Killed a seven-headed hydra
 10214 | Lair:2   | Killed a five-headed hydra
 10490 | Lair:3   | Received a gift from Okawaru
 10742 | Lair:3   | Found a staircase to the Snake Pit.
 10801 | Lair:3   | Noticed an eight-headed hydra
 10809 | Lair:3   | Killed an eight-headed hydra
 10809 | Lair:3   | Reached skill level 15 in Shields
 11367 | Lair:4   | Noticed Sonja
 11376 | Lair:4   | Killed Sonja
 11480 | Lair:4   | Found a bloodstained altar of Trog.
 11845 | Lair:4   | Reached XP level 13. HP: 69/80 MP: 13/13
 12515 | Lair:5   | Received a gift from Okawaru
 12515 | Lair:5   | Reached skill level 16 in Shields
 13674 | Lair:6   | Entered Level 6 of the Lair of Beasts
 13782 | Lair:6   | Found a shimmering altar of Xom.
 13923 | Lair:6   | Reached skill level 17 in Shields
 13993 | Lair:6   | Received a gift from Okawaru
 14140 | Lair:6   | Gained mutation: Your large and strong wings let you fly indefinitely. [Gargoyle growth]
 14140 | Lair:6   | Reached XP level 14. HP: 86/86 MP: 14/14
 14367 | Lair:6   | Reached skill level 18 in Shields
 14851 | Lair:6   | Received a gift from Okawaru
 15099 | Lair:6   | Identified the +6 spear "Hoagulos" {flame, rN+ Dex-2 Stlth+} (You found it on level 6 of the Lair of Beasts)
 15236 | Lair:6   | Found a staircase to the Slime Pits.
 15520 | D:10     | Entered Level 10 of the Dungeon
 15706 | D:10     | You fall through a shaft for 2 floors!
 16078 | D:12     | Reached skill level 10 in Fighting
 16106 | D:12     | Noticed a sphinx
 16107 | D:12     | Noticed a tengu reaver
 16146 | D:12     | Killed a tengu reaver
 16146 | D:12     | Reached skill level 19 in Shields
 16153 | D:12     | Killed a sphinx
 16403 | D:12     | Identified 2 scrolls of acquirement
 16501 | D:12     | Got a crystal morningstar
 16502 | D:12     | Identified the +11 morningstar of Victory {crush, *Noise rElec rC+ Stlth+} (You acquired it on level 12 of the Dungeon)
 16667 | D:12     | Reached XP level 15. HP: 92/92 MP: 15/15
 16892 | D:12     | Reached skill level 10 in Armour
 17113 | D:13     | Noticed Snorg
 17113 | D:13     | Received a gift from Okawaru
 17139 | D:13     | Killed Snorg
 18441 | D:14     | Received a gift from Okawaru
 18843 | D:14     | Received a gift from Okawaru
 18846 | D:14     | Found a gate to the Vaults.
 18905 | D:14     | Reached skill level 20 in Shields
 19106 | D:15     | Entered Level 15 of the Dungeon
 19106 | D:15     | Found Caad's Magic Scroll Boutique.
 19114 | D:15     | Bought a scroll of identify for 24 gold pieces
 19361 | D:15     | Found Ohui's Antique Armour Shoppe.
 19394 | D:15     | Bought faintly glowing ice dragon scales for 1495 gold pieces
 19404 | D:15     | Identified the +9 ice dragon scales "Puwkerid" {rF- rC++ MP-9 Int+2 Dex+3} (You bought it in a shop on level 15 of the Dungeon)
 19445 | D:15     | Found a staircase to the Depths.
 19583 | D:15     | Reached XP level 16. HP: 71/100 MP: 7/16
 21377 | D:11     | You are sucked into a shaft for 3 floors!
 21556 | Orc:1    | Entered Level 1 of the Orcish Mines
 21744 | Orc:1    | Found a roughly hewn altar of Beogh.
 21810 | Orc:2    | Entered Level 2 of the Orcish Mines
 21824 | Orc:2    | Received a gift from Okawaru
 21872 | Orc:2    | Found a labyrinth entrance.
 21888 | Lab      | Entered a labyrinth
 23319 | Lab      | Got a scorched whip
 23329 | Orc:2    | Found a staircase to the Elven Halls.
 23488 | Orc:2    | Found Hoeperas's Magic Scroll Boutique.
 23528 | Orc:2    | Found Etuquufy's General Store.
 23619 | Orc:2    | Bought a scroll of enchant weapon for 75 gold pieces
 23619 | Orc:2    | Bought a scroll of identify for 20 gold pieces
 23619 | Orc:2    | Bought a scroll of identify for 20 gold pieces
 24229 | Orc:2    | Paralysed by an orc sorcerer for 5 turns
 24573 | Orc:2    | Paralysed by an orc sorcerer for 3 turns
 24585 | Orc:2    | Paralysed by an orc sorcerer for 7 turns
 24849 | Orc:2    | Found Negutagy's Gadget Shoppe.
 24849 | Orc:2    | Found Zutz's Antique Armour Emporium.
 24849 | Orc:2    | Found a one-way gate leading to the halls of Pandemonium.
 24852 | Orc:2    | Reached skill level 15 in Maces & Flails
 24887 | Orc:2    | Bought a pair of runed boots for 157 gold pieces
 24899 | Orc:2    | Identified the +7 whip "Vorean" {freeze, MR+ Str+3 Dex+4} (You found it in a labyrinth)
 25298 | Snake:1  | Entered Level 1 of the Snake Pit
 25801 | Snake:1  | Received a gift from Okawaru
 25806 | Snake:1  | Noticed a nagaraja
 25816 | Snake:1  | Killed a nagaraja
 25910 | Snake:1  | Reached skill level 21 in Shields
 25917 | Snake:1  | Reached XP level 17. HP: 93/106 MP: 8/17
 26443 | Snake:2  | Received a gift from Okawaru
 26618 | Snake:2  | Noticed Jorgrun
 26635 | Snake:2  | Killed Jorgrun
 26901 | Snake:3  | Noticed Vashnia
 26918 | Snake:3  | Killed Vashnia
 26918 | Snake:3  | Received a gift from Okawaru
 27029 | Snake:3  | Found a frozen archway.
 27041 | IceCv    | Entered an ice cave
 27176 | IceCv    | Got a pair of heavily runed gloves
 27187 | IceCv    | Identified the cursed +0 pair of gloves of Restlessness {rElec rPois Int+2 Dex+4} (You found it in an ice cave)
 27553 | Snake:3  | Received a gift from Okawaru
 27809 | Snake:2  | Reached skill level 5 in Dodging
 28100 | Snake:3  | Reached XP level 18. HP: 35/113 MP: 9/18
 28188 | Snake:3  | Reached skill level 22 in Shields
 28665 | Snake:4  | Entered Level 4 of the Snake Pit
 28847 | Snake:4  | Reached skill level 1 in Invocations
 29668 | Snake:4  | Received a gift from Okawaru
 30522 | Snake:4  | Received a gift from Okawaru
 30820 | Snake:4  | Reached skill level 23 in Shields
 30820 | Snake:4  | Reached XP level 19. HP: 69/120 MP: 13/22
 30908 | Snake:4  | Reached skill level 5 in Invocations
 31369 | Snake:4  | Got a serpentine rune of Zot
 31582 | Shoals:1 | Entered Level 1 of the Shoals
 33271 | Shoals:2 | You are sucked into a shaft!
 33958 | Shoals:3 | Received a gift from Okawaru
 34417 | Shoals:4 | Entered Level 4 of the Shoals
 34555 | Shoals:4 | Noticed Ilsuiw
 34569 | Shoals:4 | Killed Ilsuiw
 34718 | Shoals:4 | Reached XP level 20. HP: 98/128 MP: 10/24
 34840 | Shoals:4 | Received a gift from Okawaru
 35351 | Shoals:4 | Got a vibrating diamond amulet
 35404 | Shoals:4 | Identified the amulet "Femaiz" {Harm *Drain +Blink} (You found it on level 4 of the Shoals)
 35574 | Shoals:4 | Got a barnacled rune of Zot
 35939 | Vaults:1 | Entered Level 1 of the Vaults
 36179 | Vaults:1 | Received a gift from Okawaru
 36411 | Vaults:1 | Reached skill level 15 in Fighting
 37296 | Vaults:1 | Found an opulent altar of Gozag.
 37365 | Vaults:2 | Paralysed by a wizard for 2 turns
 37512 | Vaults:2 | You are sucked into a shaft for 2 floors!
 37683 | Vaults:4 | Received a gift from Okawaru
 37683 | Vaults:4 | Reached XP level 21. HP: 105/135 MP: 17/26
 38381 | Vaults:4 | Reached skill level 24 in Shields
 38716 | Vaults:4 | Received a gift from Okawaru
 39701 | Vaults:3 | Found a staircase to the Crypt.
 39883 | Vaults:3 | Noticed Jory
 39906 | Vaults:3 | Noticed Bai Suzhen
 39921 | Vaults:3 | Paralysed by a wizard for 7 turns
 40415 | Vaults:3 | Killed Jory
 40445 | Vaults:3 | Noticed Asterion
 40466 | Vaults:3 | Killed Asterion
 40466 | Vaults:3 | Received a gift from Okawaru
 40510 | Vaults:3 | Noticed Boris
 40540 | Vaults:3 | Killed Bai Suzhen
 40597 | Vaults:3 | Reached skill level 15 in Armour
 40643 | Vaults:3 | Killed Boris
 40643 | Vaults:3 | Reached XP level 22. HP: 118/143 MP: 19/28
 41491 | Vaults:3 | Found Vissufid's Assorted Antiques.
 41496 | Vaults:3 | Bought a pair of polished gloves for 247 gold pieces
 41496 | Vaults:3 | Bought a scroll of identify for 52 gold pieces
 41496 | Vaults:3 | Bought a scroll of identify for 52 gold pieces
 41496 | Vaults:3 | Identified the +0 pair of gloves of the Vacuum {rPois rC+} (You bought it in a shop on level 3 of the Vaults)
 41552 | Vaults:5 | Entered Level 5 of the Vaults
 41579 | Vaults:4 | Received a gift from Okawaru
 42141 | Vaults:5 | Noticed a golden dragon
 42157 | Vaults:5 | Killed a golden dragon
 42858 | Vaults:5 | Received a gift from Okawaru
 42862 | Vaults:5 | Identified the -10 large shield "Vokereus" {rElec rC+ rN+ Str-5} (You took it off a deep elf elementalist on level 5 of the Vaults)
 43067 | Vaults:5 | Reached XP level 23. HP: 97/149 MP: 21/30
 43337 | Vaults:5 | Noticed an ancient lich
 43353 | Vaults:5 | Killed an ancient lich
 43534 | Vaults:5 | Reached skill level 25 in Shields
 43545 | Vaults:5 | Received a gift from Okawaru
 43614 | Vaults:5 | Identified the +0 pair of gloves "Cenlaar" {rF+ Int+4} (You found it on level 5 of the Vaults)
 43775 | Vaults:5 | Noticed a golden dragon
 43791 | Vaults:5 | Killed a golden dragon
 43791 | Vaults:5 | Reached skill level 10 in Invocations
 44199 | Vaults:5 | Noticed a golden dragon
 44219 | Vaults:5 | Killed a golden dragon
 44229 | Vaults:5 | Received a gift from Okawaru
 44528 | Vaults:5 | Identified the +2 helmet of Muttered Phrases {rPois Dex+3 Stlth+} (You found it on level 5 of the Vaults)
 44552 | Vaults:5 | Got a silver rune of Zot
 45033 | Elf:1    | Entered Level 1 of the Elven Halls
 45237 | Elf:1    | Found Adutzor's Magic Scroll Shoppe.
 45241 | Elf:1    | Bought a scroll of identify for 28 gold pieces
 45241 | Elf:1    | Bought a scroll of acquirement for 728 gold pieces
 46622 | Elf:2    | Found a ruined gateway.
 46707 | Desolati | Entered the Desolation of Salt
 46749 | Desolati | Reached XP level 24. HP: 157/157 MP: 21/30
 46845 | Desolati | Identified the Handbook of Supportive Ignition
 47371 | Desolati | Identified the Almanac of Warped Cold
 47605 | Elf:2    | Noticed Louise
 47681 | Elf:2    | Noticed Roxanne
 47695 | Elf:2    | Killed Roxanne
 47721 | Elf:2    | Killed Louise
 47842 | Elf:2    | Found Bofi's Elven Fire.
 47945 | Elf:2    | Found a huge runed gate.
 47945 | Elf:2    | Found a huge runed gate.
 47945 | Elf:2    | Found a huge runed gate.
 48091 | Elf:2    | Received a gift from Okawaru
 48151 | Elf:2    | Noticed Agnes
 48162 | Elf:2    | Killed Agnes
 48457 | Elf:2    | Reached skill level 10 in Dodging
 48675 | Elf:3    | Entered Level 3 of the Elven Halls
 48739 | Elf:3    | Found Ziecefue's Armour Emporium.
 48891 | Elf:3    | Found a portal to a secret trove of treasure.
 49253 | Elf:3    | Got a scintillating brass ring
 50083 | Elf:3    | Identified Sif Muna's Papyrus of Shifting Hexes
 50139 | Elf:3    | Upgraded the game from 0.20.0-10-g0535bb4 to 0.20.0-14-g326068f
 50430 | Depths:1 | Entered Level 1 of the Depths
 50441 | Depths:1 | Cast into level 2 of the Abyss (a wizard)
 50441 | Abyss:2  | Found a corrupted altar of Lugonu.
 50491 | Abyss:2  | Found a viscous altar of Jiyva.
 50566 | Abyss:3  | Reached XP level 25. HP: 160/164 MP: 22/31
 50873 | Abyss:3  | Gained mutation: Potions are less effective at restoring your health. [a cacodemon]
 50876 | Abyss:3  | Gained mutation: You are frail. (-10% HP) [a cacodemon]
 50885 | Abyss:3  | Gained mutation: Armour fits poorly on your strangely shaped body. [a cacodemon]
 50950 | Abyss:3  | Received a gift from Okawaru
 51052 | Abyss:3  | Gained mutation: You are weak. (Str -2) [a neqoxec]
 51505 | Abyss:4  | HP: 3/147 [starcursed mass/accursed screaming (11)]
 51506 | Abyss:4  | Killed from afar by a starcursed mass

Skill      XL: |  1  2  3  4  5  6  7  8  9 10 11 12 13 14 15 16 17 18 19 20 21 22 23 24 25 |
---------------+----------------------------------------------------------------------------+-----
Maces & Flails | 3 4 5 6 7 8 9 10 11 12 13 15 16 17 18 19 20 | 20.4
Shields        | 4 5 6 9 11 13 15 17 19 20 21 23 24 25 | 25.9
Armour         | 4 5 6 7 8 9 10 11 12 13 15 16 17 18 | 18.1
Fighting       | 4 5 6 7 8 9 10 11 12 13 14 15 16 17 18 | 18.9
Dodging        | 1 2 3 4 5 6 7 8 9 10 | 10.5
Stealth        | 1 2 3 4 |  4.8
Invocations    | 4 6 7 8 9 10 11 | 11.6

Action                   |  1- 3 |  4- 6 |  7- 9 | 10-12 | 13-15 | 16-18 | 19-21 | 22-24 | 25-27 || total
-------------------------+-------+-------+-------+-------+-------+-------+-------+-------+-------++-------
Melee: Flail             |   216 |    57 |       |       |       |       |       |       |       ||   273
       Whip              |       |    67 |   597 |  1115 |  1221 |     4 |       |       |       ||  3004
       Eveningstar       |       |       |       |       |    26 |       |       |       |       ||    26
       Morningstar       |       |       |       |       |   516 |  1591 |  1725 |  1732 |   347 ||  5911
Invok: Finesse           |       |       |       |       |       |     1 |     6 |     2 |       ||     9
       Heroism           |       |       |       |       |       |       |     3 |       |     1 ||     4
 Abil: Fly               |       |       |       |       |     1 |       |       |     1 |       ||     2
       Stop Flying       |       |       |       |       |       |       |       |     1 |       ||     1
Evoke: Wand              |       |       |       |       |       |       |       |     1 |       ||     1
  Use: Scroll            |     3 |     4 |    10 |    12 |    11 |    11 |    15 |    15 |     3 ||    84
       Potion            |     2 |     2 |     6 |     2 |       |     5 |     8 |     2 |       ||    27
 Stab: Distracted        |       |       |       |       |       |     7 |     4 |     8 |       ||    19
       Sleeping          |       |       |       |       |       |     3 |    19 |     6 |       ||    28
       Invisible         |       |       |       |       |       |       |       |     3 |     1 ||     4
  Eat: Chunk             |     2 |     4 |    12 |    19 |    27 |    29 |    31 |    26 |     3 ||   153
       Royal jelly       |       |       |     1 |       |       |     3 |       |     1 |     1 ||     6
       Fruit             |       |       |       |       |       |     2 |     3 |       |       ||     5
       Meat ration       |       |       |       |       |       |       |       |     1 |       ||     1
Armor: Scale mail        |    31 |       |       |       |       |       |       |       |       ||    31
       Plate armour      |   142 |    65 |   194 |   354 |   442 |       |       |       |       ||  1197
       Ice dragon scales |       |       |       |       |    11 |   452 |   564 |   425 |    81 ||  1533
       Fire dragon scale |       |       |       |       |       |       |     7 |       |       ||     7
Dodge: Dodged            |    43 |    23 |   106 |   167 |   258 |   464 |   623 |   517 |   102 ||  2303
Block: Shield            |   124 |    46 |   176 |       |       |       |       |       |       ||   346
       Large shield      |       |       |   169 |  1089 |  1768 |  2167 |  2485 |  2136 |   518 || 10332
       Reflection        |       |       |     5 |     6 |    47 |   220 |    98 |   133 |     2 ||   511
